AoeStats
← Simon Stokvis

Nomad

508911656Analyzed
4v4 RM · 7d ago on Sep 24, 2026· 79m 45s· 8 players
Game mode
Random Map
Map size
231×231
Population
200
Speed
Normal
Resources
Standard
Victory
Conquest
Starting age
Dark Age
Ending age
Imperial Age
RankedLock teamsTeams togetherTeam positionsShared explorationLock speedFull tech treeHidden civsTurbo modeCheats
Victory
Defeat
🇨🇭 Bengalis · Switzerland
1624
+14
🇭🇰 Khmer · Hong Kong SAR China
1610
+14
🇳🇱 Malay · Netherlands
1604
+14
🇧🇪 Wu · Belgium
1551
+17
🇨🇳 Aztecs · China
1599
-16
🇦🇺 Danes · Australia
1573
-15
🇦🇷 Bohemians · Argentina
1556
-14
🇵🇪 Khmer · Peru
1555
-14
Mau5
9:40 Loom
12:57 Feudal Age
16:47 Castle Age
14:49 Fishing Lines
16:09 Double-Bit Axe
16:36 Horse Collar
18:06 Bow Saw
18:03 Scale Mail Armor
23:26 Medium Warships
27:54 Forging
29:58 Gillnets
30:37 Chain Mail Armor
33:00 Imperial Age
31:22 Town Watch
32:12 Wheelbarrow
32:54 Heavy Plow
32:55 Gold Mining
33:21 Stone Mining
34:20 Plate Mail Armor
35:00 Elite Jomsviking
36:31 Conscription
37:18 Iron Casting
37:36 Arson
37:58 Squires
40:07 Blast Furnace
39:06 Fletching
42:17 Hamask
45:46 Bodkin Arrow
46:54 Murder Holes
47:05 Bracer
47:19 Masonry
50:35 Hoardings
50:22 Ballistics
51:02 Chemistry
50:49 Onager
52:21 Siege Engineers
52:23 Northmen's Fury
52:33 Siege Onager
KLIKELIN
3:38 Loom
14:55 Feudal Age
17:51 Castle Age
34:00 Husbandry
35:12 Bloodlines
Suricata Tactica
11:09 Loom
14:11 Feudal Age
15:02 Double-Bit Axe
19:42 Castle Age
18:29 Horse Collar
20:19 Fletching
20:40 Bow Saw
26:25 Bodkin Arrow
32:33 Wheelbarrow
投掷哥布林
6:08 Loom
13:42 Feudal Age
15:03 Town Watch
17:44 Castle Age
16:58 Double-Bit Axe
16:56 Horse Collar
18:55 Bow Saw
20:15 Heavy Plow
20:53 Wheelbarrow
24:58 Gold Mining
25:01 Stone Mining
30:29 Imperial Age
28:16 Hand Cart
28:33 Squires
28:36 Scale Mail Armor
29:12 Eagle Warrior
30:03 Man-at-Arms
31:09 Chain Mail Armor
31:04 Forging
31:49 Forging
32:31 Gold Shaft Mining
31:43 Elite Eagle Warrior
33:13 Long Swordsman
33:39 Gambesons
34:27 Plate Mail Armor
33:56 Two-Handed Swordsman
36:46 Iron Casting
36:41 Garland Wars
36:42 Conscription
38:29 Blast Furnace
39:31 Champion
39:41 Pikeman
40:42 Arson
52:22 Crop Rotation
67:33 Fletching
Simon Stokvis
4:53 Loom
13:26 Feudal Age
13:04 Double-Bit Axe
19:00 Castle Age
17:53 Fletching
18:09 Fishing Lines
19:24 Bow Saw
19:51 Town Watch
20:42 Wheelbarrow
22:00 Gillnets
24:24 Medium Warships
24:26 Bodkin Arrow
28:16 Sanctity
29:34 Ballistics
33:14 Imperial Age
32:57 Bracer
33:59 Chemistry
33:15 Gold Mining
37:31 Siege Engineers
37:36 Masonry
37:48 Conscription
37:13 Crossbowman
38:18 Thumb Ring
38:21 Padded Archer Armor
39:39 Treadmill Crane
40:16 Leather Archer Armor
39:50 Arbalester
40:52 Scale Barding Armor
40:58 Forging
41:52 Redemption
41:42 Devotion
41:43 Atonement
42:08 Illumination
42:05 Heresy
41:20 Elite Battle Elephant
42:00 Husbandry
43:10 Iron Casting
46:12 Blast Furnace
45:43 Ring Archer Armor
46:11 Murder Holes
48:15 Gold Shaft Mining
64:48 Elite Karambit Warrior
Hympériius
14:05 Feudal Age
13:28 Loom
15:32 Double-Bit Axe
18:24 Castle Age
17:01 Gold Mining
19:37 Bow Saw
20:05 Gold Shaft Mining
19:47 Medium Warships
20:24 Clinker Construction
20:20 Siphons
22:03 Town Watch
22:50 Scale Mail Armor
23:01 Forging
23:32 Fishing Lines
24:21 Squires
24:06 Arson
24:39 Chain Mail Armor
24:26 Gillnets
26:37 Iron Casting
27:31 Horse Collar
28:04 Stone Mining
29:36 Wheelbarrow
37:14 Imperial Age
38:22 Scale Barding Armor
38:50 Plate Mail Armor
48:16 Hand Cart
50:07 Man-at-Arms
51:04 Man-at-Arms
52:46 Blast Furnace
52:10 Long Swordsman
52:53 Two-Handed Swordsman
53:53 Champion
72:04 Two-Man Saw
73:22 Heavy Plow
79:29 Ballistics
80:09 Chemistry
th0m45
12:27 Feudal Age
14:11 Bloodlines
14:11 Scale Barding Armor
15:11 Forging
22:22 Double-Bit Axe
25:06 Loom
27:23 Wheelbarrow
33:46 Castle Age
33:10 Horse Collar
33:55 Light Cavalry
34:36 Husbandry
35:03 Chain Barding Armor
37:20 Iron Casting
47:04 Imperial Age
45:40 Hand Cart
46:21 Gold Mining
48:25 Gold Shaft Mining
50:54 Bow Saw
50:57 Stone Mining
52:15 Stone Shaft Mining
52:37 Heavy Scorpion
54:25 Ballistics
54:12 Siege Engineers
54:46 Double Crossbow
56:28 Chemistry
62:53 Hussar
64:09 Plate Barding Armor
65:03 Conscription
66:42 Blast Furnace
Maelgwyn
5:05 Loom
13:47 Feudal Age
14:51 Fishing Lines
17:21 Castle Age
15:37 Double-Bit Axe
18:15 Bow Saw
19:25 Gillnets
21:07 Horse Collar
21:21 Town Watch
22:40 Wheelbarrow
22:47 Heavy Plow
23:20 Fletching
25:24 Hand Cart
27:23 Gold Mining
29:09 Sanctity
29:02 Fervor
32:04 Imperial Age
29:51 Redemption
31:40 Stone Mining
32:27 Gold Shaft Mining
32:36 Masonry
33:07 Block Printing
33:18 Illumination
33:30 Theocracy
34:28 Two-Man Saw
33:13 Elite Battle Elephant
34:04 Bloodlines
34:41 Architecture
34:14 Husbandry
34:20 Scale Barding Armor
36:05 Chain Barding Armor
35:55 Forging
41:08 Plate Barding Armor
41:32 Atonement
44:44 Bodkin Arrow
46:17 Chemistry
45:38 Ballistics
47:07 Bracer
55:03 Town Watch
64:25 Light Cavalry
71:01 Iron Casting
73:10 Blast Furnace
75:09 Paiks
74:49 Siege Elephant
77:01 Mahayana
80:31 Guilds
Connection lost

Rejoining the realm…

Still unreachable

The connection could not be restored.

Session expired

The server has moved on; the page needs a fresh start.